 Dungeon Crawl Stone Soup version 0.30.1-3-gfc49f6343a (webtiles) character file.

Game seed: 13770980362546517814

199232 Atelerd the Unseen (level 18, -3/110 HPs)
             Began as an Octopode Earth Elementalist on Aug 8, 2023.
             Was a High Priest of Sif Muna.
             Slain by a demonic crawler (13 damage)
             ... on level 1 of the Spider Nest.
             The game lasted 02:04:45 (39614 turns).

Atelerd the Unseen (Octopode Earth Elementalist)   Turns: 39614, Time: 02:04:47

Health: -3/110     AC: 11    Str: 13    XL:     18   Next: 47%
Magic:  20/46      EV: 18    Int: 42    God:    Sif Muna [*****.]
Gold:   1796       SH:  5    Dex: 13    Spells: 1/47 levels left

rFire   + . .        e - staff of conjuration "Vamarad" {rC+ Int+3}
rCold   + + +        (no shield)
rNeg    + . .        s - +2 hat "Nipu" {Rampage +Blink rF+ Str+2}
rPois   +            I - amulet of reflection
rElec   +            E - ring of positive energy
rCorr   .            q - +4 ring of protection
SInv    +            y - ring "Tiunturo" {Ice Will+ Int+6 Dex-3}
Will    ++++.        P - +6 ring of intelligence
Stlth   +++++++      W - +6 ring of intelligence
HPRegen 0.38/turn    B - ring of protection from cold
MPRegen 0.30/turn    t - ring "Teaseafra" {rF+ Will+ MP+9 Str+3 SInv}
                     M - ring of Elitism {rElec rPois Will+ AC+4}

%: reflection, clarity, rampage
@: studying Poison Magic
A: almost no armour, amphibious, 8 rings, camouflage 1, gelatinous body 1,
(nimble swimmer 1), tentacles, clarity
}: 1/15 runes: decaying
a: Renounce Religion, Evoke Blink, Channel Magic, Forget Spell, Divine Exegesis


You were on level 1 of the Spider Nest.
You worshipped Sif Muna.
Sif Muna was extremely pleased with you.
You visited 7 branches of the dungeon, and saw 28 of its levels.
You also visited: Bailey and Gauntlet.

You collected 4312 gold pieces.
You spent 2516 gold pieces at shops.

Inventory:

Hand Weapons
 w - the +6 rapier of Evisceration {holy, Str+2 Stlth+}
   (You bought it in a shop on level 3 of the Elven Halls)

   Str:       It affects your strength (+2).
   Stlth:     It makes you more stealthy.
Armour
 s - the +2 hat "Nipu" (worn) {Rampage +Blink rF+ Str+2}
   (You acquired it on level 3 of the Elven Halls)

   Str:       It affects your strength (+2).
   rF:        It protects you from fire.
   +Blink:    It lets you blink.
   Rampage:   It bestows one free step when moving towards enemies.
 N - an orb of energy
Magical Staves
 e - the staff of conjuration "Vamarad" (weapon) {rC+ Int+3}
   (You found it on level 3 of the Elven Halls)

   [staff of conjuration]

   Base accuracy: +5 Base damage: 5 Base attack delay: 1.2 This weapon's minimum
   attack delay (0.6) is reached at skill level 12.
   Int:       It affects your intelligence (+3).
   rC:        It protects you from cold.
   It falls into the 'Staves' category.
   It is a one-tentacled weapon.
 F - a staff of earth
 H - the staff of death "Dozu" {Drain rN+ Int+3 Dex+8}
   (You found it on level 3 of the Elven Halls)

   [staff of death]

   Base accuracy: +5 Base damage: 5 Base attack delay: 1.2 This weapon's minimum
   attack delay (0.6) is reached at skill level 12.
   Int:       It affects your intelligence (+3).
   Dex:       It affects your dexterity (+8).
   rN:        It protects you from negative energy.
   Drain:     It drains your maximum health when unequipped.
   It falls into the 'Staves' category.
   It is a one-tentacled weapon.
Jewellery
 q - a +4 ring of protection (right tentacle)
 t - the ring "Teaseafra" (on tentacle) {rF+ Will+ MP+9 Str+3 SInv}
   (You found it in a Gauntlet)

   [ring of see invisible]

   Str:       It affects your strength (+3).
   rF:        It protects you from fire.
   MP:        It affects your magic capacity (+9).
   SInv:      It lets you see invisible.
   Will:      It increases your willpower.
 y - the ring "Tiunturo" (on tentacle) {Ice Will+ Int+6 Dex-3}
   (You took it off a deep elf annihilator on level 3 of the Elven Halls)

   [ring of ice]

   It enhances your ice magic.
   Int:       It affects your intelligence (+6).
   Dex:       It affects your dexterity (-3).
   rF:        It makes you vulnerable to fire.
   rC:        It protects you from cold.
   Will:      It increases your willpower.
 B - a ring of protection from cold (on tentacle)
 C - a +6 ring of dexterity
 E - a ring of positive energy (left tentacle)
 I - an amulet of reflection (around mantle)
 M - the ring of Elitism (on tentacle) {rElec rPois Will+ AC+4}
   (You found it on level 4 of the Lair of Beasts)

   [ring of protection]

   AC:        It affects your AC (+4).
   rElec:     It insulates you from electricity.
   rPois:     It protects you from poison.
   Will:      It increases your willpower.
 P - a +6 ring of intelligence (on tentacle)
 W - a +6 ring of intelligence (on tentacle)
 Z - a ring of resist corrosion
Wands
 f - a wand of iceblast (34)
 n - a wand of digging (5)
 z - a wand of mindburst (21)
 S - a wand of polymorph (6)
 U - a wand of paralysis (18)
 V - a wand of quicksilver (13)
Scrolls
 a - 5 scrolls of magic mapping
 b - 14 scrolls of teleportation
 g - 2 scrolls of brand weapon
 i - 10 scrolls of enchant weapon
 k - 3 scrolls of torment
 m - 2 scrolls of blinking
 o - 5 scrolls of enchant armour
 p - 4 scrolls of fog
 v - 3 scrolls of amnesia
 x - 6 scrolls of vulnerability
 G - 15 scrolls of identify
 J - 3 scrolls of silence
 K - 2 scrolls of immolation
 O - a scroll of fear
 Q - 4 scrolls of poison
Potions
 c - 4 potions of mutation
 d - a potion of heal wounds
 h - 15 potions of curing
 j - 2 potions of ambrosia
 l - 5 potions of might
 r - 3 potions of lignification
 u - a potion of resistance
 A - 5 potions of attraction
 D - 5 potions of flight
 R - 2 potions of brilliance
 T - a potion of invisibility
 X - a potion of cancellation {unknown}
 Y - 2 potions of magic
Miscellaneous
 L - a lightning rod (2/4)


   Skills:
 - Level 6.0 Fighting
 - Level 5.0 Short Blades
 - Level 3.0 Staves
 - Level 12.0 Dodging
 - Level 15.0 Stealth
 - Level 15.0 Spellcasting
 + Level 9.3 Conjurations
 - Level 6.0 Transmutations
 - Level 3.0 Ice Magic
 * Level 13.7 Air Magic
 - Level 12.0 Earth Magic
 - Level 6.0 Poison Magic
 - Level 10.0 Invocations
 - Level 4.0 Evocations


You had one spell level left.
You knew the following spells:

 Your Spells              Type           Power      Damage    Failure   Level
a - Sandblast             Erth           100%       2d20      0%          1
b - Iskenderun's Mystic   Conj/Tloc      82%        2d16      1%          4
e - Olgreb's Toxic Radia  Pois           69%        N/A       1%          4
f - Ignite Poison         Fire/Tmut/Pois 60%        N/A       1%          3
i - Iron Shot             Conj/Erth      55%        9d10      1%          6
l - Lee's Rapid Deconstr  Erth           46%        3d22*     1%          5
m - Maxwell's Capacitive  Air            49%        ∞         22%         8
p - Petrify               Tmut/Erth      82%        N/A       1%          4
s - Statue Form           Tmut/Erth      54%        N/A       3%          6
u - Freezing Cloud        Conj/Ice/Air   62%        6-21      1%          5

Your spell library contained the following spells:

 Spells                   Type           Power      Damage    Failure   Level
 Shock                    Conj/Air       100%       1d9       0%          1
 Apportation              Tloc           62%        N/A       1%          1
 Beastly Appendage        Tmut           100%       N/A       1%          1
 Kiss of Death            Conj/Necr      100%       2d13      1%          1
 Magic Dart               Conj           100%       1d8       1%          1
 Necrotise                Necr           100%       1d9       1%          1
 Sting                    Tmut/Pois      100%       1d8       1%          1
 Summon Small Mammal      Summ           100%       N/A       1%          1
 Swiftness                Air            99%        N/A       0%          3
 Call Imp                 Summ           62%        N/A       1%          2
 Cigotuvi's Dreadful Rot  Necr/Pois/Air  100%       N/A       1%          2
 Ensorcelled Hibernation  Hex/Ice        100%       N/A       1%          2
 Momentum Strike          Conj/Tloc      100%       3d10      1%          2
 Passwall                 Tmut/Erth      68%        N/A       1%          2
 Poisonous Vapours        Pois/Air       100%       N/A       1%          2
 Wereblood                Tmut           69%        N/A       1%          2
 Frozen Ramparts          Ice            100%       1d16      1%          3
 Mephitic Cloud           Conj/Pois/Air  100%       N/A       1%          3
 Ozocubu's Armour         Ice            71%        N/A       1%          3
 Spider Form              Tmut/Pois      69%        N/A       1%          3
 Stone Arrow              Conj/Erth      100%       3d13      1%          3
 Vhi's Electric Charge    Tloc/Air       100%       N/A       1%          3
 Airstrike                Air            49%        2d(8-24)  1%          4
 Fulminant Prism          Conj/Hex       41%        3d19      1%          4
 Ice Form                 Ice/Tmut       81%        N/A       1%          4
 Leda's Liquefaction      Hex/Erth       34%        N/A       1%          4
 Sticky Flame             Conj/Fire      82%        2d9       1%          4
 Summon Lightning Spire   Summ/Air       73%        N/A       1%          4
 Arcjolt                  Conj/Air       57%        1d67      1%          5
 Irradiate                Conj/Tmut      48%        3d27      1%          5
 Conjure Ball Lightning   Conj/Air       57%        3x3d21    1%          6
 Call Canine Familiar     Summ           31%        N/A       2%          3
 Portal Projectile        Hex/Tloc       62%        N/A       2%          3
 Summon Guardian Golem    Hex/Summ       31%        N/A       2%          3
 Vampiric Draining        Necr           31%        2d8       2%          3
 Volatile Blastmotes      Fire/Tloc      62%        2d15      2%          3
 Alistair's Intoxication  Tmut/Pois      46%        N/A       2%          5
 Blade Hands              Tmut           34%        N/A       2%          5
 Borgnjor's Vile Clutch   Necr/Erth      34%        N/A       2%          5
 Fireball                 Conj/Fire      41%        3d17      3%          5
 Summon Ice Beast         Ice/Summ       60%        N/A       4%          4
 Yara's Violent Unravell  Hex/Tmut       27%        3d12      8%          5
 Anguish                  Hex/Necr       15%        N/A       9%          4
 Animate Dead             Necr           31%        N/A       9%          4
 Dispel Undead            Necr           31%        3d14      9%          4
 Passage of Golubria      Tloc           31%        N/A       9%          4
 Eringya's Noxious Bog    Tmut/Pois      34%        N/A       12%         6
 Metabolic Englaciation   Hex/Ice        30%        N/A       14%         5
 Storm Form               Tmut/Air       42%        N/A       14%         7
 Orb of Destruction       Conj           52%        9d13      17%         7
 Agony                    Necr           31%        N/A       26%         5
 Summon Mana Viper        Hex/Summ       31%        N/A       26%         5
 Simulacrum               Ice/Necr       30%        N/A       58%         6
 Spellforged Servitor     Conj/Summ      41%        N/A       75%         7
 Death Channel            Necr           15%        N/A       80%         6
 Ozocubu's Refrigeration  Ice            35%        4d15      92%         7
 Haunt                    Necr/Summ      15%        N/A       100%        7
 Malign Gateway           Summ/Tloc      15%        N/A       100%        7
 Ignition                 Fire           15%        3d6       100%        8
 Chain Lightning          Conj/Air       57%        3d76      100%        9
 Fire Storm               Conj/Fire      41%        8d10      100%        9
 Polar Vortex             Ice            35%        N/A       100%        9
 Shatter                  Erth           46%        3d36*     100%        9
 Animate Armour           Summ/Erth      Unusable   N/A       N/A         4

Dungeon Overview and Level Annotations

Branches:
Dungeon (12/15)            Temple (1/1) D:5            Lair (5/5) D:9
  Swamp (4/4) Lair:3       Spider (1/4) Lair:2        Slime (0/5) Lair:4
    Orc (2/2) D:10            Elf (3/3) Orc:2        Bailey (visited)
Gauntlet (visited)

Altars:
Ashenzari
Cheibriados
Dithmenos
Elyvilon
Fedhas
Hepliaklqana
Kikubaaqudgha
Makhleb
Nemelex Xobeh
Okawaru
Qazlal
Ru
Sif Muna
Trog
Uskayaw
Vehumet
Wu Jian
Xom
Yredelemnul
Zin
The Shining One
Jiyva

Shops:
D:1 [   D:3 ?   D:6 [   D:8 [!(?(   Orc:2 !!=(:   Elf:1 !   Elf:3 (:([?*(

Annotations:
D:5 exclusion: downstairs
D:7 1 runed translucent door, Crazy Yiuf
D:11 exclusion: 2 downstairs
D:12 3 runed translucent doors, Sensen's ghost, journeyman DgEE
Lair:1 exclusion: downstairs
Lair:3 1 runed translucent door, Hojimuek's ghost, journeyman DsBe
Swamp:3 exclusion: 2 downstairs
Elf:2 3 runed translucent doors


Innate Abilities, Weirdness & Mutations

You cannot wear most types of armour.
You are amphibious.
You can wear up to eight rings at the same time.
Your skin changes colour to match your surroundings (Stealth+).
Your rubbery body absorbs attacks. (AC +1, EV +1)
((You are camouflaged when in or above water. (Stealth+)))
You have tentacles for arms and can constrict up to eight enemies at once.
You possess an exceptional clarity of mind.


Message History

An orb of destruction comes into view.
Your toxic aura wanes.
The demonic crawler hits you but does no damage. x3
The demonic crawler is engulfed in freezing vapours.
You block the demonic crawler's attack.
The demonic crawler hits you but does no damage. x2
Okay, then.
Press: ? - help, v - describe, . - travel
Here: an orb of destruction The floor.
You revert to your normal fleshy form.
The demonic crawler is engulfed in freezing vapours.
The demonic crawler hits you!
The demonic crawler hits you but does no damage.
The demonic crawler closely misses you.
The demonic crawler is engulfed in freezing vapours.
The demonic crawler completely misses you.
The demonic crawler barely misses you.
The demonic crawler hits you but does no damage.
Casting: Lee's Rapid Deconstruction (mildly dangerous; 1% risk of failure)
Confirm with . or Enter, or press ? or * to list all spells.
Okay, then.
Aiming: Thunderbolt
Press: ? - help, Shift-Dir - straight line, f - demonic crawler
Aim: a demonic crawler (freezing vapour, lightly wounded)
Okay, then.
Casting: Lee's Rapid Deconstruction (mildly dangerous; 1% risk of failure)
Confirm with . or Enter, or press ? or * to list all spells.
You ignite the poison in your surroundings!
The orb spider seems to burn from within!
You kill the orb spider!
Sif Muna accepts your kill. The orb of destruction hits you!!!!
Ouch! That really hurt!
* * * LOW HITPOINT WARNING * * *
The demonic crawler hits you but does no damage.
The demonic crawler closely misses you. You block the demonic crawler's attack.
The demonic crawler is engulfed in freezing vapours.
The demonic crawler closely misses you. The demonic crawler hits you!
You die...

...........###.......#
..........##.#.......#
..#.##..........# . ##
##.........#
##.........#
##>.........#
#........[..#
##..§.......#
#..§§s@.○..#
......§§§..○..#
......§§§...°.#
.....°°.....○.#
...°○......○..#
...........☼..#
.........*☼...#
............#


You could see a demonic crawler.

Vanquished Creatures
  Nikola (Elf:3)
  A tentacled monstrosity (Swamp:4)
  3 deep elf blademasters (Elf:3)
  Mlioglotl (Swamp:4)
  2 deep elf master archers (Elf:3)
  Kirke (D:12)
  A fenstrider witch (Swamp:1)
  5 deep elf sorcerers (Elf:3)
  An emperor scorpion (Spider:1)
  A ghost moth (Spider:1)
  Aizul (Elf:3)
  7 deep elf elementalists
  A quicksilver ooze (Gauntlet)
  3 deep elf demonologists (Elf:3)
  7 eleionomae
  A minotaur (Gauntlet)
  9 deep elf annihilators
  2 deep elf death magi (Elf:3)
  A shambling mangrove (Swamp:3)
  4 deep elf high priests
  2 fire dragons
  Josephine (Lair:4)
  An entropy weaver (Spider:1)
  18 hydras
  A ghost crab (Swamp:2)
  A jorogumo (Spider:1)
  2 boulder beetles
  7 death yaks
  13 alligators
  3 two-headed ogres
  3 orc high priests
  6 dancing weapons
  Urug (Orc:2)
  16 deep elf knights
  8 spriggans
  A pharaoh ant (Spider:1)
  2 skysharks (Lair:4)
  2 goliath frogs
  6 bog bodies
  5 spriggan druids
  9 swamp dragons
  A lindwurm (shapeshifter) (Elf:3)
  18 deep elf pyromancers
  4 orb spiders (Spider:1)
  10 deep elf archers
  A necromancer (Gauntlet)
  2 steelbarb worms (Spider:1)
  6 orc sorcerers
  31 deep elf zephyrmancers
  A wolf spider (Elf:1)
  3 cyclopes
  6 elephants (Lair:4)
  3 will-o-the-wisps
  4 black mambas
  Joseph (D:9)
  A demonic crawler (Spider:1)
  A kobold demonologist (D:10)
  A torpor snail (Lair:1)
  11 cane toads
  7 rime drakes
  12 komodo dragons
  An efreet (D:10)
  2 bloated husks
  14 polar bears
  A blink frog (shapeshifter) (Elf:1)
  5 tyrant leeches
  A hornet (shapeshifter) (Elf:2)
  3 trolls
  7 hornets
  14 blink frogs
  4 tarantellas (Spider:1)
  A tarantella (shapeshifter) (Elf:2)
  2 raiju (Lair:5)
  An air elemental (Elf:2)
  A jumping spider (Spider:1)
  6 slime creatures (D:12)
  6 culicivoras (Spider:1)
  3 shadows
  2 vampires
  6 wraiths
  A small abomination (Gauntlet)
  53 yaks
  2 wyverns
  6 basilisks
  4 hogs
  A fire elemental (Elf:2)
  4 steam dragons
  12 redbacks (Spider:1)
  8 vampire mosquitoes
  6 wargs
  16 swamp worms
  3 acid dragons
  15 hell hounds (Lair:5)
  9 water moccasins
  30 orc warriors
  12 swamp drakes
  2 ice beasts
  12 black bears
  2 sky beasts
  8 ogres
  27 wolves
  10 centaurs
  A phantom (D:5)
  2 kobold brigands
  2 scorpions
  12 bullfrogs
  14 wights
  13 killer bees
  9 howler monkeys
  3 vampire bats
  3 electric eels
  3 quasits (D:8)
  3 jellies
  A gnoll bouda (D:5)
  2 hounds (D:5)
  17 orc priests
  7 iguanas
  2 sleepcaps (D:6)
  Ijyb (D:3)
  37 orc wizards
  3 gnolls (D:5)
  8 adders
  5 shadow imps
  5 white imps (D:8)
  2 ufetubi
  A worm (D:2)
  3 dart slugs
  107 orcs
  6 ball pythons
  5 endoplasms
  4 giant cockroaches
  5 goblins
  4 hobgoblins
  7 jackals
  2 quokkas (D:2)
  10 bats
  3 frilled lizards
  18 kobolds
  7 rats
945 creatures vanquished.

Vanquished Creatures (collateral kills)
  A black mamba (Lair:2)
1 creature vanquished.

Vanquished Creatures (others)
  A deep elf sorcerer (Elf:1)
  A deep elf pyromancer (Elf:3)
  A fire elemental (Elf:2)
  An orc wizard (Orc:2)
  16 foxfires (Swamp:2)
20 creatures vanquished.

Grand Total: 966 creatures vanquished

Notes
Turn   | Place    | Note
-------+----------+-------------------------------------------
     0 | D:1      | Atelerd the Octopode Earth Elementalist began the quest for
                  | the Orb.
     0 | D:1      | Reached XP level 1. HP: 11/11 MP: 3/3
   139 | D:1      | Reached XP level 2. HP: 10/17 MP: 0/5
   386 | D:1      | Found Xytuum's Armour Emporium.
   894 | D:1      | Found a faded altar of an unknown god.
  1126 | D:2      | Reached XP level 3. HP: 21/21 MP: 2/6
  1838 | D:3      | Found a burning altar of Makhleb.
  1840 | D:3      | Noticed an Executioner
  1844 | D:3      | Noticed a ynoxinul
  1844 | D:3      | Noticed a smoke demon
  1974 | D:3      | Reached XP level 4. HP: 24/27 MP: 4/7
  2474 | D:3      | Found Wuqauteo's Magic Scroll Emporium.
  2479 | D:3      | Bought a scroll of teleportation for 30 gold pieces
  2479 | D:3      | Bought a scroll of noise for 10 gold pieces
  2479 | D:3      | Bought a scroll of identify for 20 gold pieces
  2479 | D:3      | Bought a scroll of fear for 40 gold pieces
  2479 | D:3      | Bought a scroll of identify for 20 gold pieces
  2479 | D:3      | Bought a scroll of identify for 20 gold pieces
  2479 | D:3      | Bought a scroll of identify for 20 gold pieces
  2588 | D:3      | Noticed Ijyb
  2602 | D:3      | Killed Ijyb
  2915 | D:4      | Reached XP level 5. HP: 31/31 MP: 5/9
  3515 | D:5      | Entered Level 5 of the Dungeon
  3543 | D:5      | Found a sparkling altar of Nemelex Xobeh.
  3544 | D:5      | Found a bloodstained altar of Trog.
  3601 | D:5      | Noticed an ogre
  3634 | D:5      | Killed an ogre
  3635 | D:5      | Reached XP level 6. HP: 17/36 MP: 6/10
  3747 | D:5      | Found a staircase to the Ecumenical Temple.
  3775 | D:5      | Learned a level 4 spell: Petrify
  3779 | D:5      | Learned a level 3 spell: Mephitic Cloud
  4018 | D:5      | Reached skill level 1 in Poison Magic
  4173 | D:5      | Reached skill level 5 in Stealth
  4173 | D:5      | Reached skill level 1 in Conjurations
  4173 | D:5      | Reached skill level 1 in Air Magic
  4173 | D:5      | Reached XP level 7. HP: 41/41 MP: 8/11
  4254 | D:5      | Reached skill level 5 in Earth Magic
  4510 | Temple   | Entered the Ecumenical Temple
  4671 | Temple   | Became a worshipper of Sif Muna the Loreminder
  5175 | D:5      | Reached XP level 8. HP: 46/46 MP: 11/14
  5508 | D:6      | Found Meiff's Antique Armour Shop.
  5634 | D:6      | Reached skill level 1 in Fighting
  5634 | D:6      | Reached skill level 1 in Short Blades
  5634 | D:6      | Reached skill level 1 in Invocations
  6047 | D:6      | Reached * piety under Sif Muna
  6855 | D:7      | Reached XP level 9. HP: 54/54 MP: 13/16
  7095 | D:7      | Reached skill level 5 in Spellcasting
  7265 | D:7      | Found a shadowy altar of Dithmenos.
  7523 | D:7      | Learned a level 4 spell: Olgreb's Toxic Radiance
  7527 | D:7      | Learned a level 3 spell: Ignite Poison
  7600 | D:7      | Noticed a hornet
  7607 | D:7      | Killed a hornet
  7764 | D:7      | Found a glowing golden altar of the Shining One.
  7792 | D:7      | Found a runed translucent door.
  7793 | D:7      | Noticed Crazy Yiuf
  8317 | D:8      | Found Ittitt's Distillery.
  8331 | D:8      | Bought a potion of lignification for 36 gold pieces
  8331 | D:8      | Bought a potion of heal wounds for 60 gold pieces
  8331 | D:8      | Bought a potion of curing for 36 gold pieces
  8367 | D:8      | Found Ruvvig's Armour Emporium.
  8392 | D:8      | Reached ** piety under Sif Muna
  8495 | D:8      | Found Fitryu's Weapon Shoppe.
  8560 | D:8      | Found Exeacleaff's Magic Scroll Emporium.
  8563 | D:8      | Bought a scroll of identify for 26 gold pieces
  8563 | D:8      | Bought a scroll of identify for 26 gold pieces
  8721 | D:8      | Found a flagged portal.
  8730 | Bailey   | Entered a bailey
  8751 | Bailey   | Reached XP level 10. HP: 28/60 MP: 16/19
  9012 | Bailey   | Reached skill level 10 in Stealth
  9153 | Bailey   | Identified the +3 fire dragon scales "Koac" {rPois rF++
                  | rC-}
  9672 | D:8      | Found Junkogopee's Antique Weapon Shoppe.
  9974 | D:9      | Noticed Joseph
  9977 | D:9      | Killed Joseph
 10168 | D:9      | Got the Elucidation of Bodies
 10324 | D:9      | Noticed a two-headed ogre
 10459 | D:9      | Killed a two-headed ogre
 10541 | D:9      | Noticed a two-headed ogre
 10790 | D:9      | Killed a two-headed ogre
 10790 | D:9      | Reached *** piety under Sif Muna
 10881 | D:9      | Found a staircase to the Lair.
 11077 | D:9      | Reached skill level 10 in Spellcasting
 11077 | D:9      | Reached XP level 11. HP: 64/64 MP: 21/25
 11278 | D:9      | Gained mutation: You possess an exceptional clarity of
                  | mind. [potion of mutation]
 11287 | D:10     | Entered Level 10 of the Dungeon
 11533 | D:10     | Noticed a two-headed ogre
 11556 | D:10     | Reached **** piety under Sif Muna
 12299 | D:10     | Found a staircase to the Orcish Mines.
 12373 | D:10     | Killed a two-headed ogre
 12669 | D:11     | Noticed a cyclops
 12680 | D:11     | Killed a cyclops
 12681 | D:11     | Reached skill level 1 in Evocations
 13556 | Lair:1   | Entered Level 1 of the Lair of Beasts
 13859 | D:12     | Noticed Kirke
 13957 | D:12     | Reached skill level 5 in Invocations
 13963 | D:12     | Noticed a cyclops
 13969 | D:12     | Reached XP level 12. HP: 70/70 MP: 18/28
 14395 | D:12     | Found a runed translucent gate.
 14395 | D:12     | Found a runed translucent gate.
 14395 | D:12     | Noticed an acid blob
 14395 | D:12     | Noticed an acid blob
 14396 | D:12     | Found a runed translucent gate.
 14396 | D:12     | Noticed an azure jelly
 14396 | D:12     | Noticed a rockslime
 14397 | D:12     | Noticed an acid blob
 14397 | D:12     | Noticed Sensen's ghost (journeyman DgEE)
 14397 | D:12     | Noticed an acid blob
 14397 | D:12     | Noticed an azure jelly
 14398 | D:12     | Noticed an acid blob
 14398 | D:12     | Noticed an acid blob
 14398 | D:12     | Noticed an azure jelly
 14784 | D:12     | Killed Kirke
 15246 | D:12     | Reached ***** piety under Sif Muna
 15494 | D:12     | Found a viscous altar of Jiyva.
 15966 | Lair:1   | Reached skill level 5 in Dodging
 16184 | Lair:1   | Reached XP level 13. HP: 63/74 MP: 5/29
 16411 | Lair:1   | Received a gift from Sif Muna
 16489 | Lair:1   | Got Sif Muna's Textbook on Alluring Fulmination {god gift}
 16496 | Lair:1   | Learned a level 5 spell: Freezing Cloud
 16503 | Lair:1   | Learned a level 6 spell: Iron Shot
 16505 | Lair:1   | Learned a level 1 spell: Magic Dart
 17096 | Lair:2   | Reached skill level 1 in Ice Magic
 17593 | Lair:2   | Reached skill level 5 in Air Magic
 18347 | Lair:2   | Found a hole to the Spider Nest.
 18866 | Lair:3   | Reached skill level 5 in Conjurations
 18991 | Lair:3   | Found a runed translucent door.
 18999 | Lair:3   | Identified the +9 trident of Cukkegyrgh {speed, *Rage Will+
                  | rCorr Int+4}
 19000 | Lair:3   | Noticed Hojimuek's ghost (journeyman DsBe)
 20189 | Lair:3   | Found a staircase to the Swamp.
 20383 | Lair:4   | Reached skill level 10 in Earth Magic
 20417 | Lair:4   | Identified the ring of Elitism {rElec rPois Will+ AC+4}
 20527 | Lair:4   | Found a staircase to the Slime Pits.
 20531 | Lair:4   | Found a viscous altar of Jiyva.
 20670 | Lair:4   | Found a gate leading to a gauntlet.
 20696 | Gauntlet | Entered a Gauntlet
 20696 | Gauntlet | Found a transporter.
 20696 | Gauntlet | Found a transporter.
 20714 | Gauntlet | Found a transporter.
 20716 | Gauntlet | Found a transporter.
 20719 | Gauntlet | Noticed a green death
 20726 | Gauntlet | Found a transporter.
 20730 | Gauntlet | Found a transporter.
 20743 | Gauntlet | Found a transporter.
 20762 | Gauntlet | Found a transporter.
 20780 | Gauntlet | Found a transporter.
 20795 | Gauntlet | Found a transporter.
 20797 | Gauntlet | Found a transporter.
 20801 | Gauntlet | Noticed a quicksilver ooze
 20825 | Gauntlet | Learned a level 4 spell: Iskenderun's Mystic Blast
 20843 | Gauntlet | Received a gift from Sif Muna
 20846 | Gauntlet | Got Sif Muna's Discourse on the Topological Gang {god gift}
 20997 | Gauntlet | Found a transporter.
 21018 | Gauntlet | Killed a quicksilver ooze
 21038 | Gauntlet | Identified the ring "Teaseafra" {rF+ Will+ MP+9 Str+3 SInv}
 21122 | Gauntlet | Reached XP level 14. HP: 71/81 MP: 5/31
 21447 | Gauntlet | Identified the +1 dagger of Quantum Leap {heavy, Int+2}
 21582 | Gauntlet | Got Woosyoru's Directory of Brilliant Portals
 21617 | Lair:4   | Reached skill level 5 in Short Blades
 21957 | Lair:4   | Noticed Josephine
 21967 | Lair:4   | Killed Josephine
 22714 | Lair:5   | Entered Level 5 of the Lair of Beasts
 24087 | Lair:5   | Identified the +0 pair of gloves of Cocytus {*Slow rF+ rN+
                  | Will+}
 25376 | Lair:5   | Reached XP level 15. HP: 85/85 MP: 24/33
 25642 | Orc:1    | Entered Level 1 of the Orcish Mines
 25894 | Orc:1    | Learned a level 5 spell: Lee's Rapid Deconstruction
 26046 | Orc:2    | Entered Level 2 of the Orcish Mines
 26057 | Orc:2    | Received a gift from Sif Muna
 26068 | Orc:2    | Learned a level 6 spell: Statue Form
 26590 | Orc:2    | Found Vaddovau's Jewellery Emporium.
 26590 | Orc:2    | Found Duen's Distillery.
 26591 | Orc:2    | Found Viubonki's Weapon Shoppe.
 26602 | Orc:2    | Reached skill level 10 in Dodging
 26603 | Orc:2    | Found Ofayl's Book Shoppe.
 26792 | Orc:2    | Bought a potion of curing for 42 gold pieces
 26792 | Orc:2    | Bought 2 potions of curing for 84 gold pieces
 26792 | Orc:2    | Bought a potion of curing for 42 gold pieces
 26827 | Orc:2    | Noticed Urug
 26833 | Orc:2    | Killed Urug
 26873 | Orc:2    | Received a gift from Sif Muna
 26874 | Orc:2    | Reached skill level 5 in Transmutations
 26897 | Orc:2    | Found a staircase to the Elven Halls.
 27039 | Orc:2    | Got Xuckuat's Folio of the Final Thickets {god gift}
 27196 | Orc:2    | Found Vaudew's Distillery.
 27204 | Orc:2    | Bought a potion of flight for 39 gold pieces
 27204 | Orc:2    | Bought a potion of curing for 39 gold pieces
 27204 | Orc:2    | Bought a potion of curing for 39 gold pieces
 27204 | Orc:2    | Bought a potion of curing for 39 gold pieces
 27204 | Orc:2    | Bought a potion of curing for 39 gold pieces
 27204 | Orc:2    | Bought a potion of curing for 39 gold pieces
 27204 | Orc:2    | Bought a potion of invisibility for 104 gold pieces
 27616 | Elf:1    | Entered Level 1 of the Elven Halls
 27616 | Elf:1    | Noticed a deep elf sorcerer
 27616 | Elf:1    | Found a runed translucent gate.
 27616 | Elf:1    | Found a runed translucent gate.
 27616 | Elf:1    | Found a runed translucent gate.
 27616 | Elf:1    | Found a runed translucent gate.
 27616 | Elf:1    | Found a runed translucent gate.
 27616 | Elf:1    | Found a runed translucent gate.
 27617 | Elf:1    | Found a runed translucent door.
 27624 | Elf:1    | Killed a deep elf sorcerer
 27708 | Elf:1    | Found a runed translucent door.
 27893 | Elf:1    | Found Coasyr's Distillery.
 28058 | Elf:1    | Got the Tractate on the Shot
 28445 | Elf:1    | Reached skill level 5 in Poison Magic
 28684 | Elf:1    | Received a gift from Sif Muna
 28850 | Elf:1    | Got Sif Muna's Information on the Frore Legion {god gift}
 29095 | Elf:1    | Reached skill level 10 in Air Magic
 29346 | Elf:1    | Got the Codex of Therianthropy
 29762 | Elf:2    | Reached XP level 16. HP: 90/90 MP: 32/34
 30362 | Elf:2    | Paralysed by an air elemental for 1 turns
 30897 | Elf:2    | Found a runed translucent gate.
 30898 | Elf:2    | Found a runed translucent gate.
 30898 | Elf:2    | Found a runed translucent gate.
 31058 | Elf:3    | Entered Level 3 of the Elven Halls
 31162 | Elf:3    | Reached skill level 15 in Stealth
 31262 | Elf:3    | Found Hats's Antique Weapon Boutique.
 31331 | Elf:3    | Found Ilapemaf's Book Boutique.
 31421 | Elf:3    | Found Imosajao's Antique Weapon Emporium.
 31473 | Elf:3    | Found Eghiolusk's Armour Shoppe.
 31475 | Elf:3    | Found Haax's Magic Scroll Emporium.
 31483 | Elf:3    | Found Epsinal's General Store.
 31489 | Elf:3    | Bought 2 scrolls of acquirement for 1352 gold pieces
 31491 | Elf:3    | Acquired the +2 hat "Nipu" {Rampage +Blink rF+ Str+2}
 31506 | Elf:3    | Acquired 608 gold pieces
 31521 | Elf:3    | Bought a scroll of identify for 26 gold pieces
 31625 | Elf:3    | Noticed a deep elf blademaster
 31635 | Elf:3    | Killed a deep elf blademaster
 32299 | Elf:3    | Noticed a deep elf blademaster
 32307 | Elf:3    | Killed a deep elf blademaster
 32311 | Elf:3    | Identified the +6 dire flail of Anxiety {pain, rN+ rCorr}
 32311 | Elf:3    | Identified the ring "Ogryocs" {Will+ Stlth+}
 32316 | Elf:3    | Noticed a deep elf blademaster
 32323 | Elf:3    | Killed a deep elf blademaster
 32338 | Elf:3    | Noticed a deep elf master archer
 32476 | Elf:3    | Noticed a deep elf master archer
 32479 | Elf:3    | Killed a deep elf master archer
 32480 | Elf:3    | Reached XP level 17. HP: 95/95 MP: 31/35
 32524 | Elf:3    | Identified the ring "Tiunturo" {Ice Will+ Int+6 Dex-3}
 32651 | Elf:3    | Killed a deep elf master archer
 32726 | Elf:3    | Noticed Nikola
 32734 | Elf:3    | Killed Nikola
 33061 | Elf:3    | Found Ximar's Antique Weapon Shoppe.
 33065 | Elf:3    | Bought a shimmering rapier for 288 gold pieces
 33065 | Elf:3    | Identified the +6 rapier of Evisceration {holy, Str+2
                  | Stlth+} (You bought it in a shop on level 3 of the Elven
                  | Halls)
 33110 | Elf:3    | Noticed Aizul
 33133 | Elf:3    | Killed Aizul
 33134 | Elf:3    | Reached skill level 10 in Invocations
 33466 | Elf:3    | Identified the staff of conjuration "Vamarad" {rC+ Int+3}
 33477 | Elf:3    | Identified the staff of death "Dozu" {Drain rN+ Int+3
                  | Dex+8}
 33569 | Elf:3    | Got the Compilation of the Bane and the Rocks
 33572 | Elf:3    | Identified the staff of poison "Nuvvowk" {rPois Will+}
 33949 | Swamp:1  | Entered Level 1 of the Swamp
 35246 | Swamp:2  | Reached skill level 15 in Spellcasting
 35539 | Swamp:2  | Reached skill level 1 in Staves
 37153 | Swamp:4  | Entered Level 4 of the Swamp
 37153 | Swamp:4  | Noticed Mlioglotl
 37248 | Swamp:4  | Noticed a tentacled monstrosity
 37382 | Swamp:4  | Killed a tentacled monstrosity
 37536 | Swamp:4  | Reached skill level 5 in Fighting
 37827 | Swamp:4  | Reached XP level 18. HP: 108/108 MP: 25/37
 37865 | Swamp:4  | Killed Mlioglotl
 38137 | Swamp:4  | Learned a level 8 spell: Maxwell's Capacitive Coupling
 38817 | Swamp:4  | Got a decaying rune of Zot
 39050 | Spider:1 | Entered Level 1 of the Spider Nest
 39143 | Spider:1 | Received a gift from Sif Muna
 39146 | Spider:1 | Got Qioxt's Quarto of Turbulence and the Impact {god gift}
 39614 | Spider:1 | Slain by a demonic crawler

Illustrated notes

Levels and vault maps discovered:
D:1:      elethiomel_arrival_maze, layout_basic,
          hellmonk_ecumenical_altar_leap_of_faith, serial_shops, shop
D:2:      layout_loops_cross, kennysheep_flooded_box
D:3:      layout_basic, makhleb_altar_promises_db, serial_shops,
          nicolae_shop_tiny_real_fake_doors, chequers_jeans,
          small_statue_alley_b, uniq_ijyb
D:4:      layout_cave_pools
D:5:      layout_loops_corners, gammafunk_temple_overflow_statue,
          minmay_temple_entry_wispy, serial_co_window_serial, co_window_paths_a,
          co_window_of_opportunity_a, co_window_corner_a,
          co_window_of_opportunity_a, co_window_cross_1, co_window_corner_a,
          co_window_paths_b, co_window_of_opportunity_c,
          co_window_unsneaky_path_c, co_window_of_opportunity_b,
          co_window_of_opportunity_b, co_window_corner_b, glass_columns_a,
          glass_columns_a, glass_columns_c, glass_columns_a
D:6:      layout_basic, serial_glass, glass_columns_b, glass_columns_a,
          corexii_hall_statues_l, eino_small_chamber_without_monster,
          hangedman_decor_push, nicolae_stop_n_shop_1
D:7:      layout_basic, nicolae_overflow_hidden_temple, tso_oasis_becter,
          hangedman_glass_teeth, uniq_crazy_yiuf_cottage
D:8:      layout_basic, serial_shops, nicolae_shop_rolled_up, shop,
          nicolae_shop_industrial_runoff, shop, shop, enter_bailey_8,
          serial_demonic, serial_demonic_b, serial_demonic_a, serial_demonic_b,
          serial_demonic_d
D:9:      layout_rooms, lair_entry_dummy, serial_bayou, serial_bayou_pond_e,
          serial_bayou_ford_a, serial_bayou_pond_c, serial_bayou_shore_b,
          hive_lemuel, uniq_joseph
D:10:     layout_loops_ring, hiddenorc1_lemuel, grunt_potential
D:11:     layout_roguey
D:12:     layout_rooms, gammafunk_ghost_ooze, grunt_decor_mini_mirrors,
          uniq_kirke
Temple:   bh_familiar_temple
Lair:1:   layout_regular_city, grunt_megastairs_3
Lair:2:   layout_regular_city, dummy_spider_entry
Lair:3:   layout_roguey, palyth_hydra_swamp_entry, ebering_ghost_funeral_grove,
          serial_bayou_shore_b, infiniplex_staircase_pool_2,
          serial_bayou_shore_a
Lair:4:   layout_roguey, slime_entry_1, gauntlet_entry_generic,
          beast_lair_carwin_4, uniq_josephine
Lair:5:   guppyfry_lair_end_dragon, layout_small_grid,
          hangedman_lair_caniforms_friends, guppyfry_lair_drakes
Swamp:1:  layout_basic_swamp, evilmike_swamp_ruin_house_1, grunt_hermit_hut
Swamp:2:  layout_basic_swamp, infiniplex_staircase_pool
Swamp:3:  layout_falls_marsh, evilmike_swamp_ruin_house_2
Swamp:4:  swamp, layout_basic_swamp, uniq_mlioglotl
Spider:1: layout_spider_delve
Orc:1:    layout_caves
Orc:2:    st_orc_mages, layout_caves, serial_shops, shop, roderic_batcave,
          lightli_orcish_oven, uniq_urug
Elf:1:    nicolae_elf_arrival_dilemma, layout_geoelf_octagon, serial_shops,
          shop, minmay_elf_annihilation, corexii_leaking_fountain,
          minmay_misc_feat_columns, nrook_uturn,
          hangedman_research_metamorphosis
Elf:2:    nicolae_elf_blades_crystal_corner, layout_loops_ring
Elf:3:    minmay_elf_hall_furrowed, layout_geoelf_octagon, serial_shops,
          nicolae_shop_back_alley_shop, shop_fountains, shop, shop,
          minmay_shop_star, uniq_nikola, uniq_aizul

Skill      XL: |  1  2  3  4  5  6  7  8  9 10 11 12 13 14 15 16 17 18 |
---------------+-------------------------------------------------------+-----
Stealth        | 3 4 5 9 10 11 12 13 15 | 15.0
Transmutations | 2 3 4 6 |  6.0
Dodging        | 3 5 7 9 10 12 | 12.0
Spellcasting   | 3 4 6 10 12 13 14 15 | 15.0
Earth Magic    | 4 6 7 8 9 10 12 | 12.0
Poison Magic   | 1 2 3 5 6 |  6.0
Conjurations   | 1 2 4 5 6 7 9 |  9.3
Air Magic      | 1 2 4 5 8 10 12 13 | 13.7
Fighting       | 2 5 6 |  6.0
Short Blades   | 2 4 5 |  5.0
Invocations    | 3 4 5 6 8 9 10 | 10.0
Evocations     | 1 2 4 |  4.0
Ice Magic      | 3 |  3.0
Staves         | 2 3 |  3.0

Action                     |  1- 3 |  4- 6 |  7- 9 | 10-12 | 13-15 | 16-18 || total
---------------------------+-------+-------+-------+-------+-------+-------++-------
  Melee: Unarmed           |    17 |       |       |       |       |       ||    17
         Constrict         |    12 |    11 |    20 |    18 |    23 |    13 ||    97
         Tentacles         |     6 |    10 |    26 |    28 |    30 |    22 ||   122
         Short sword       |     8 |    33 |    67 |    96 |    64 |       ||   268
         Punch             |       |     2 |     1 |     1 |     3 |     1 ||     8
         Staff             |       |       |       |       |     1 |    20 ||    21
         Dagger            |       |       |       |       |    70 |    27 ||    97
         Rapier            |       |       |       |       |       |    22 ||    22
  Throw: Dart              |       |       |     1 |       |       |       ||     1
   Cast: Sandblast         |    45 |    80 |   138 |   165 |   299 |    82 ||   809
         Petrify           |       |       |    32 |    68 |   116 |    18 ||   234
         Mephitic Cloud    |       |       |     3 |    26 |    13 |       ||    42
         Olgreb's Toxic Ra |       |       |       |    30 |   105 |    81 ||   216
         Ignite Poison     |       |       |       |    24 |    78 |    62 ||   164
         Magic Dart        |       |       |       |       |    12 |       ||    12
         Iskenderun's Myst |       |       |       |       |    20 |    19 ||    39
         Freezing Cloud    |       |       |       |       |    33 |    38 ||    71
         Iron Shot         |       |       |       |       |     3 |   158 ||   161
         Lee's Rapid Decon |       |       |       |       |    18 |    13 ||    31
         Statue Form       |       |       |       |       |     5 |    29 ||    34
 Invoke: Channel Magic     |       |       |     1 |     4 |     5 |     9 ||    19
         Forget Spell      |       |       |       |       |       |     1 ||     1
Ability: End Transformatio |       |       |       |       |       |     1 ||     1
  Evoke: Wand              |       |       |       |    12 |    19 |     5 ||    36
         Lightning rod     |       |       |       |       |       |     2 ||     2
    Use: Scroll            |       |     8 |     8 |     8 |    13 |     4 ||    41
         Potion            |       |     5 |     2 |    18 |     6 |     1 ||    32
   Stab: Sleeping          |     1 |     3 |     2 |     8 |     7 |     4 ||    25
         Invisible         |       |     1 |       |       |       |       ||     1
         Petrified         |       |       |    27 |    49 |    62 |    14 ||   152
         Confused          |       |       |     1 |     1 |     1 |       ||     3
         Petrifying        |       |       |       |     3 |     4 |       ||     7
         Distracted        |       |       |       |       |       |     2 ||     2
 Armour: Skin              |     5 |     8 |    16 |    71 |    95 |   216 ||   411
  Dodge: Dodged            |    29 |    69 |    65 |   117 |   250 |   254 ||   784
  Block: Other             |       |       |       |       |    74 |    79 ||   153
         Reflection        |       |       |       |       |    11 |     9 ||    20
